 Dungeon Crawl Stone Soup version 0.18.1-1-g2f07953 (webtiles) character file.

71 Eucla the Poker (level 4, -1/35 HPs)
             Began as a Merfolk Gladiator on May 8, 2016.
             Splashed by a jelly's acid (5 damage)
             ... on level 2 of the Dungeon.
             The game lasted 00:02:24 (1847 turns).

Eucla the Poker (Merfolk Gladiator)                 Turns: 1847, Time: 00:02:25

Health: -1/35      AC: 10    Str: 20    XL:     4   Next: 24%
Magic:  4/4        EV: 13    Int:  7    God:
Gold:   135        SH:  0    Dex: 15    Spells: 0 memorised, 3 levels left

rFire  . . .     SeeInvis .     a - +0 trident
rCold  . . .     Gourm    .     b - +0 leather armour
rNeg   . . .     Faith    .     (no shield)
rPois  .         Spirit   .     z - +0 helmet
rElec  .         Dismiss  .     v - +2 cloak
rCorr  .         Reflect  .     (no gloves)
SustAt .         Harm     .     p - +2 pair of boots
MR     .....                    (no amulet)
Stlth  +.........               (no ring)
                                y - ring of wizardry

@: mighty, very slightly contaminated, not resistant to hostile enchantments,
very unstealthy
A: change form in water, swift swim
a: no special abilities


You were on level 2 of the Dungeon.
You were very hungry.

You visited 1 branch of the dungeon, and saw 3 of its levels.

You collected 135 gold pieces.

Inventory:

Hand Weapons
 a - a +0 trident (weapon)
Missiles
 d - 3 throwing nets (quivered)
Armour
 b - a +0 leather armour (worn)
 c - a +0 helmet
 m - a +1 pair of boots
 p - a +2 pair of boots (worn)
 v - a +2 cloak (worn)
 z - a +0 helmet (worn)
Jewellery
 y - a ring of wizardry (left hand)
Scrolls
 e - 2 scrolls of enchant armour {unknown}
 h - 2 scrolls of identify {unknown}
 j - a scroll of magic mapping {unknown}
 l - a scroll of recharging {unknown}
 o - a scroll of blinking {unknown}
 A - a scroll of remove curse {unknown}
Potions
 i - a potion of lignification {unknown}
 n - a potion of ambrosia {unknown}
 q - a potion of heal wounds {unknown}
Comestibles
 f - 4 bread rations
 g - a slice of pizza
 k - 2 meat rations
 u - 2 beef jerkies
 x - 3 fruits


   Skills:
 + Level 3.2 Fighting
 * Level 6.3 Polearms
 - Level 2.0 Throwing
 - Level 4.0 Dodging


You had 3 spell levels left.
You didn't know any spells.

Dungeon Overview and Level Annotations

Branches:
Dungeon (3/15)

Altars:
Cheibriados
Fedhas
Kikubaaqudgha
Nemelex Xobeh
Vehumet


Message History

* * * LOW HITPOINT WARNING * * *
You are too injured to fight recklessly!
Unknown command.
Unknown command.
There is a stone staircase leading down here.
You are feeling very hungry.
You flicker for a moment.
You are no longer corroded.
Drink which item? (? for menu, Esc to quit)
It was a potion of might.
You feel very mighty all of a sudden.
You flicker back into view.
The jelly misses you.
Unknown command.
You puncture the jelly!
Your hands burn!
* * * LOW HITPOINT WARNING * * *
The jelly is severely wounded.
The jelly hits you.
* * * LOW HITPOINT WARNING * * *
You are splashed with acid!
The acid burns!
You die...

.'............##'#+#..#######
.############..†............#
.# #........############ .#
#.....(..#........... .#
#...<....#.#########. .#
#.##+#+###.# #. ## #.##.#.#
#.# ### #. #.##.#.# #.# #.#
#. #.##@#.###.###.#####.
#..#J#.#.............
##.#.#.#.#.###.######
#.#.#.#.#.....#
#...#.#.#.###.#
#..........##.#
########...#.#.#..##.######
#.........>................
###......#.###.#..####.###.


You could see a jelly.

Vanquished Creatures
  An adder (D:2)
  A gnoll (D:1)
  2 worms (D:2)
  2 dart slugs (D:1)
  2 orcs (D:3)
  3 giant cockroaches
  5 goblins
  4 hobgoblins
  8 kobolds
  3 quokkas (D:2)
  4 bats
  2 giant newts
  4 rats
41 creatures vanquished.

Notes
Turn   | Place    | Note
--------------------------------------------------------------
     0 | D:1      | Eucla the Merfolk Gladiator began the quest for the Orb.
     0 | D:1      | Reached XP level 1. HP: 16/16 MP: 1/1
   163 | D:1      | Reached XP level 2. HP: 23/23 MP: 2/2
   172 | D:1      | Reached skill level 5 in Polearms
   377 | D:1      | Reached XP level 3. HP: 23/28 MP: 3/3
  1070 | D:2      | Found a blossoming altar of Fedhas.
  1072 | D:2      | Found an ancient bone altar of Kikubaaqudgha.
  1136 | D:2      | Found a sparkling altar of Nemelex Xobeh.
  1261 | D:2      | Found a snail-covered altar of Cheibriados.
  1263 | D:2      | Found a radiant altar of Vehumet.
  1309 | D:2      | Reached skill level 6 in Polearms
  1314 | D:2      | Reached XP level 4. HP: 31/35 MP: 4/4
  1847 | D:2      | Splashed by a jelly's acid

Skill      XL: |  1  2  3 |
---------------+----------+-----
Polearms       | 5 6 |  6.3
Fighting       | 3 |  3.2
Throwing       | |  2.0
Dodging        | |  4.0

Action                   |  1- 3 |  4- 6 || total
-------------------------+-------+-------++-------
Melee: Trident           |    81 |    33 ||   114
  Use: Potion            |       |     4 ||     4
 Stab: Sleeping          |     3 |     1 ||     4
  Eat: Chunk             |       |     2 ||     2
Armor: Leather armour    |    14 |    13 ||    27
Dodge: Dodged            |    33 |    18 ||    51
